AoeStats
← KND

Arabia

509609222Analyzed
1v1 RM · 4d ago on Sep 27, 2026· 62m 19s· 2 players
Game mode
Random Map
Map size
Tiny (2 player)
Population
200
Speed
Normal
Resources
Standard
Victory
Conquest
Starting age
Dark Age
Ending age
Imperial Age
RankedLock teamsTeams togetherTeam positionsShared explorationLock speedFull tech treeHidden civsTurbo modeCheats
Victory
Defeat
🇻🇪 Saracens · Venezuela
1373
+20
🇧🇷 Huns · Brazil
1462
-20
KND
6:36 Loom
8:52 Feudal Age
9:24 Double-Bit Axe
9:57 Horse Collar
16:26 Fletching
17:17 Padded Archer Armor
21:19 Castle Age
19:54 Bloodlines
20:17 Scale Barding Armor
20:38 Gold Mining
21:03 Forging
22:29 Chain Barding Armor
22:28 Husbandry
24:58 Wheelbarrow
26:16 Iron Casting
26:20 Pikeman
28:12 Scale Mail Armor
29:20 Town Watch
30:17 Chain Mail Armor
30:00 Stone Mining
30:21 Squires
35:20 Imperial Age
33:28 Fervor
36:14 Halberdier
36:45 Cavalier
37:44 Hand Cart
37:30 Capped Ram
38:36 Bow Saw
38:24 Siege Ram
38:30 Siege Ram
40:04 Plate Barding Armor
41:20 Blast Furnace
42:03 Two-Man Saw
42:38 Masonry
43:36 Conscription
44:05 Light Cavalry
44:43 Bodkin Arrow
45:03 Leather Archer Armor
44:36 Heavy Cavalry Archer
45:42 Parthian Tactics
45:22 Thumb Ring
46:52 Ballistics
47:33 Chemistry
46:35 Bracer
50:03 Elite Skirmisher
50:14 Elite Skirmisher
50:45 Hussar
52:40 Murder Holes
Rafu
6:26 Loom
8:48 Feudal Age
9:28 Double-Bit Axe
12:01 Wheelbarrow
19:30 Castle Age
17:54 Forging
17:45 Horse Collar
18:26 Bloodlines
18:35 Gold Mining
19:30 Scale Barding Armor
20:55 Iron Casting
22:02 Husbandry
26:46 Chain Barding Armor
31:26 Hand Cart
36:02 Imperial Age
33:49 Fletching
34:27 Bow Saw
34:01 Crossbowman
35:40 Thumb Ring
37:45 Blast Furnace
37:50 Bodkin Arrow
39:20 Two-Man Saw
38:15 Town Watch
39:26 Ballistics
39:57 Gold Shaft Mining
39:03 Heavy Camel Rider
40:35 Padded Archer Armor
41:10 Bracer
40:53 Light Cavalry
41:01 Arbalester
42:03 Stone Mining
43:09 Plate Barding Armor
42:48 Heavy Plow
44:49 Light Cavalry
45:46 Leather Archer Armor
47:12 Ring Archer Armor
47:45 Chemistry
46:56 Masonry
47:22 Hussar
53:03 Siege Engineers
56:57 Bimaristan
60:10 Conscription
59:50 Murder Holes
Connection lost

Rejoining the realm…

Still unreachable

The connection could not be restored.

Session expired

The server has moved on; the page needs a fresh start.